 Dungeon Crawl Stone Soup version 0.28-a0-1524-ge72afd5fc6 (webtiles) character file.

Game seed: 1416764245590781742

0 psuckher the Sneak (level 1, -14/18 HPs)
             Began as a Barachi Delver on Jan 17, 2022.
             Demolished by a yak (15 damage)
             ... on level 5 of the Dungeon.
             The game lasted 00:00:46 (92 turns).

psuckher the Sneak (Barachi Delver)                   Turns: 92, Time: 00:00:47

Health: -14/18     AC:  3    Str: 13    XL:     1   Next: 0%
Magic:  1/1        EV: 12    Int: 10    God:
Gold:   10         SH:  0    Dex: 13    Spells: 0/0 levels left

rFire   . . .      SeeInvis .   a - +0 falchion
rCold   . . .      Faith    .   (no shield)
rNeg    . . .      Spirit   .   b - +0 leather armour
rPois   .          Reflect  .   (no helmet)
rElec   .          Harm     .   (no cloak)
rCorr   .          Rampage  .   (no gloves)
Will    .....                   (no boots)
Stlth   ++........              (no amulet)
HPRegen 0.06/turn               (no ring)
MPRegen 0.07/turn               (no ring)

@: unable to hop, slow
A: amphibious, slowness 1, strong legs 1, +LOS
a: Hop


You were on level 5 of the Dungeon.
You visited 1 branch of the dungeon, and saw 1 of its levels.

You collected 10 gold pieces.

Inventory:

Hand Weapons
 a - a +0 falchion (weapon)
Armour
 b - a +0 leather armour (worn)
Magical Staves
 e - a staff of cold
Wands
 g - a wand of digging (3)
Scrolls
 c - a scroll of fog
 d - a scroll of magic mapping
 h - a scroll of enchant weapon {unknown}
Potions
 f - a potion of haste
 i - a potion of magic {unknown}


   Skills:
 + Level 3.6 Fighting
 + Level 2.4 Long Blades
 + Level 2.1 Dodging
 + Level 4.5 Stealth


You couldn't memorise any spells.
You didn't know any spells.
Your spell library was empty.

Dungeon Overview and Level Annotations

Branches:
Dungeon (5/15)
 Temple: D:4-7

Altars:


Innate Abilities, Weirdness & Mutations

You are amphibious.
You cover ground slowly.
You can hop short distances.
You have an extended range of vision and can be seen from far away.


Message History

Really walk into that dispersal trap? [Y]es or [N]o only, please.
Really walk into that dispersal trap?
You enter a dispersal trap!
You blink.
Found a crooked jewelled staff. 2 gnolls come into view.
You see here a cyan potion.
You see here a cyan potion.
i - a cyan potion Hop to where?
Press: ? - help, Q - select action Dir - move target A gnoll shaman and a gnoll come into view.
Found a scroll labelled ENIGHI VOGO.
Found a stone staircase leading up.
Boing!
The gnoll shaman shouts!
The gnoll shouts!
As you read the scroll of fear, it crumbles to dust.
You assume a fearsome visage.
The gnoll shaman looks frightened!
The gnoll looks frightened! x3
You see here a staff of cold.
e - a staff of cold 2 yaks come into view.
A yak comes into view.
Found a stone staircase leading down.
You closely miss the gnoll. The gnoll barely misses you.
You hit the gnoll.
The gnoll is moderately wounded.
The gnoll misses you. The yak barely misses you.
You closely miss the gnoll.
The gnoll is moderately wounded.
The gnoll barely misses you. The yak gores you!
Ouch! That really hurt!
* * * LOW HITPOINT WARNING * * *
You slash the gnoll!
The gnoll is severely wounded.
The gnoll barely misses you. The yak misses you. The gnoll closely misses you.
You hit the gnoll.
You kill the gnoll!
The yak gores you!
Ouch! That really hurt!
You die...

#Y#.# ##..
#..?.## ####..#
#...# #....##
#.#.## #.####
#.#..# #.#####
#..#.## #......
##.#..###
#..####
#Y##...#####..#
#@)###.##.....#
##..##....###.#
...#....# #.#
...##.#.....#
>...!.......#
..........###
........#..#
........##.#
....###.< ..#


You could see a yak.

Vanquished Creatures
  A gnoll (D:5)
1 creature vanquished.

Notes
Turn   | Place    | Note
-------+----------+-------------------------------------------
     0 | D:5      | psuckher the Barachi Delver began the quest for the Orb.
     0 | D:5      | Reached XP level 1. HP: 18/18 MP: 1/1
    67 | D:5      | Noticed a gnoll shaman
    80 | D:5      | Noticed a yak
    80 | D:5      | Noticed a yak
    82 | D:5      | Noticed a yak
    92 | D:5      | Demolished by a yak

Illustrated notes

Levels and vault maps discovered:
D:5:      minmay_chambers_of_threes, layout_rooms

Action                   || total
-------------------------++-------
Melee: Falchion          ||     5
 Abil: Hop               ||     1
  Use: Scroll            ||     1
Dodge: Dodged            ||     7

Table legend: (Time is in decaauts)
 A = Elapsed time spent in this place.
 B = Non-inter-level travel time spent in this place.
 C = Inter-level travel time spent in this place.
 D = Time resting spent in this place.
 E = Time spent auto-exploring this place.
 F = Levels seen in this place.
 G = Mean time per level.
                   A        B        C        D        E       F      G
               +--------+--------+--------+--------+--------+-----+--------+
         Total |    109 |    109 |      0 |      0 |      0 |   1 |  109.0 |
       Dungeon |    109 |    109 |      0 |      0 |      0 |   1 |  109.0 |
               +--------+--------+--------+--------+--------+-----+--------+

Top non-repeatable levels by time:
     D:5: 109 daAuts
